 Dungeon Crawl Stone Soup version 0.31-a0-234-gad7ace16ef (webtiles) character file.

Game seed: 2125730183471825782

26 Nattfarinn the Stinger (level 2, -1/19 HPs)
             Began as a Demonspawn Venom Mage on July 10, 2023.
             Succumbed to an adder's poison
             ... on level 2 of the Dungeon.
             The game lasted 00:01:39 (927 turns).

Nattfarinn the Stinger (Demonspawn Venom Mage)       Turns: 927, Time: 00:01:39

Health: -1/19      AC:  2    Str:  6 (8)  XL:     2   Next: 89%
Magic:  1/5        EV: 12    Int: 15 (16) God:
Gold:   12         SH:  0    Dex: 11 (13) Spells: 4/5 levels left

rFire   . . .        d - +0 dagger
rCold   . . .        (no shield)
rNeg    . . .        a - +0 robe
rPois   .            (no helmet)
rElec   .            (no cloak)
rCorr   .            (no gloves)
SInv    .            (no boots)
Will    .....        (no amulet)
Stlth   ++           (no ring)
HPRegen 0.23/turn    (no ring)
MPRegen 0.09/turn

%: no passive effects
@: lethally poisoned (-1 -> -16)
A: demonic touch 1
a: no special abilities


You were on level 2 of the Dungeon.
You visited 1 branch of the dungeon, and saw 2 of its levels.

You collected 12 gold pieces.

Inventory:

Hand Weapons
 d - a +0 dagger (weapon)
Armour
 a - a +0 robe (worn)
Scrolls
 e - 2 scrolls of identify {unknown}
Potions
 b - a potion of magic
 c - a potion of degeneration
 f - a potion of cancellation {unknown}


   Skills:
 - Level 1.7 Dodging
 - Level 1.7 Stealth
 + Level 2.4 Spellcasting
 - Level 0.8 Transmutations
 * Level 3.8 Poison Magic


You had 4 spell levels left.
You knew the following spells:

 Your Spells              Type           Power      Damage    Failure   Level
a - Sting                 Tmut/Pois      32%        1d4       9%          1

Your spell library contained the following spells:

 Spells                   Type           Power      Damage    Failure   Level
 Poisonous Vapours        Pois/Air       14%        N/A       14%         2
 Necrotise                Necr           4%         1d4       22%         1
 Mephitic Cloud           Conj/Pois/Air  5%         N/A       36%         3
 Olgreb's Toxic Radiance  Pois           13%        N/A       41%         4
 Ozocubu's Armour         Ice            1%         N/A       54%         3
 Vampiric Draining        Necr           1%         2d6       54%         3
 Agony                    Necr           1%         N/A       99%         5
 Ozocubu's Refrigeration  Ice            0%         4d7       100%        7


Dungeon Overview and Level Annotations

Branches:
Dungeon (2/15)

Altars:


Innate Abilities, Weirdness & Mutations

Your touch may inflict minor irresistible damage on your foes.


Message History

Nothing appears to happen.
The endoplasm hits you.
You hit the endoplasm.
You touch the endoplasm.
You kill the endoplasm!
A goblin comes into view. It is wielding a +0 club.
Your magical contamination has completely faded away.
The sting misses the goblin.
The goblin shouts!
The sting hits the goblin.
The goblin is poisoned.
You kill the goblin!
f - an orange potion
e - 2 scrolls labelled CEKHUFFO CIUSA (gained 1)
An adder comes into view.
Found 3 gold pieces.
An adder is nearby!
The adder hisses angrily.
The sting hits the adder.
The adder is poisoned.
The adder is moderately wounded.
The adder bites you.
The sting misses the adder.
The adder misses you.
The sting hits the adder.
The adder looks even sicker.
The adder is heavily wounded.
The adder bites you.
You are poisoned.
The adder poisons you!
The sting misses the adder.
You feel sick. The adder closely misses you. The adder bites you.
You are lethally poisoned!
The adder poisons you!
You are too injured to fight recklessly!
You closely miss the adder.
The adder is heavily wounded.
You feel very sick. The adder bites you.
* * * LOW HITPOINT WARNING * * *
You are more poisoned.
The adder poisons you!
It was a potion of degeneration.
There was something very wrong with that liquid.
You feel weakened.
You feel dopey.
You feel clumsy.
You die...

........ ....... .....#
..$.. .. ...# ... ###
..######### ...##..
#S#.......# #....#
#@#.......# #....#
#.#.......# #....#######
#.#.......#
##....#.....####.#.......#
#..........).............#
......#..........#.......#
##....#......####........#
#....#..................#
#....#.....##############


You could see an adder (very poisoned).

Vanquished Creatures
  A dart slug (D:1)
  6 endoplasms
  2 giant cockroaches (D:1)
  A goblin (D:2)
  2 hobgoblins (D:1)
  A quokka (D:1)
  A ball python (D:2)
  A bat (D:1)
  2 frilled lizards (D:1)
  A kobold (D:1)
  5 rats (D:1)
23 creatures vanquished.

Notes
Turn   | Place    | Note
-------+----------+-------------------------------------------
     0 | D:1      | Nattfarinn the Demonspawn Venom Mage began the quest for
                  | the Orb.
     0 | D:1      | Reached XP level 1. HP: 13/13 MP: 3/3
   225 | D:1      | Discovered your monstrous ancestry.
   225 | D:1      | Gained mutation: Your touch may inflict minor irresistible
                  | damage on your foes. [demonic ancestry]
   225 | D:1      | Reached XP level 2. HP: 18/19 MP: 3/5
   927 | D:2      | Succumbed to an adder's poison

Illustrated notes

Levels and vault maps discovered:
D:1:      heliophobic_arrival_battle_scene, layout_basic
D:2:      layout_rooms, minmay_quantized

Action                     || total
---------------------------++-------
  Melee: Dagger            ||    29
         Touch             ||     3
   Cast: Sting             ||    40
    Use: Potion            ||     1
 Armour: Robe              ||     5
  Dodge: Dodged            ||    24

Table legend: (Time is in decaauts)
 A = Elapsed time spent in this place.
 B = Non-inter-level travel time spent in this place.
 C = Inter-level travel time spent in this place.
 D = Time resting spent in this place.
 E = Time spent auto-exploring this place.
 F = Levels seen in this place.
 G = Mean time per level.
                   A        B        C        D        E       F      G
               +--------+--------+--------+--------+--------+-----+--------+
         Total |    926 |    923 |      3 |     56 |    694 |   2 |  463.0 |
       Dungeon |    926 |    923 |      3 |     56 |    694 |   2 |  463.0 |
               +--------+--------+--------+--------+--------+-----+--------+

Top non-repeatable levels by time:
     D:1: 824 daAuts
     D:2: 101 daAuts
